 Dungeon Crawl Stone Soup version 0.16-a0-3061-g1c4ddba (webtiles) character file.

2472 PolkaDot the Summoner (level 9, 0/65 HPs)
             Began as a Vampire Summoner on Dec 10, 2014.
             Was a Believer of Sif Muna.
             Shot with an arrow by a centaur (6 damage)
             ... on level 8 of the Dungeon.
             The game lasted 00:35:32 (6157 turns).

PolkaDot the Summoner (Vampire Summoner)            Turns: 6157, Time: 00:35:32

Health: 0/65       AC:  5    Str: 10    XL:     9   Next: 26%
Magic:  12/15      EV: 12    Int: 20    God:    Sif Muna [**....]
Gold:   257        SH:  0    Dex: 14    Spells: 3 memorised, 3 levels left

rFire  . . .     SeeInvis +     y - +2 lajatang (pain)
rCold  . . .     Clarity  +     o - +0 leather armour
rNeg   . . .     SustAb   .     (no shield)
rPois  .         Gourm    .     t - +1 hat
rElec  .         Spirit   .     d - +0 cloak
rCorr  .         Warding  .     (no gloves)
rMut   .         Stasis   .     (no boots)
MR     .....                    i - amulet of clarity
Stlth  ++........               (no ring)
                                q - +3 ring of strength

@: regenerating quickly, not resistant to hostile enchantments, unstealthy
A: bottle blood, fangs 3, see invisible, unbreathing
a: Channel Energy, Forget Spell, Renounce Religion


You were on level 8 of the Dungeon.
You worshipped Sif Muna.
Sif Muna was pleased with you.
You were very full.

You visited 2 branches of the dungeon, and saw 9 of its levels.

You collected 257 gold pieces.

Inventory:

Hand weapons
 a - a +3 rapier
 b - a +2 dagger of venom
 y - a +2 lajatang of pain (weapon)
Missiles
 v - a throwing net (quivered)
Armour
 d - a +0 cloak (worn)
 o - a +0 leather armour (worn)
 t - a +1 hat (worn)
Jewellery
 i - an amulet of clarity (around neck)
 q - a +3 ring of strength (left hand)
Magical devices
 c - a wand of magic darts (23)
 e - a wand of magic darts (9)
 n - a wand of confusion (21)
 p - a wand of enslavement (9)
Scrolls
 g - 2 scrolls of teleportation
 j - 2 scrolls of recharging
 k - a scroll of amnesia
 m - a scroll of enchant armour
 r - a scroll of remove curse
 s - a scroll of enchant weapon
 w - a scroll of identify
Potions
 f - 2 potions of cure mutation {!q}
 u - 14 potions of blood {@*1}
Books
 l - a book of Callings

   Spells                             Type                      Level
   a - Summon Small Mammal            Summoning                    1
   b - Call Imp                       Summoning                    2
   c - Call Canine Familiar           Summoning                    3
   d - Summon Guardian Golem          Hexes/Summoning              4
   e - Summon Lightning Spire         Summoning/Air                4
   f - Summon Ice Beast               Ice/Summoning                4
 x - a book of Burglary

   Spells                             Type                      Level
   a - Swiftness                      Charms/Air                   2
   b - Passwall                       Transmutation/Earth          3
   c - Passage of Golubria            Translocation                4
   d - Lee's Rapid Deconstruction     Earth                        5
   e - Invisibility                   Hexes                        6
   f - Darkness                       Hexes                        7


   Skills:
 - Level 3.8 Fighting
 - Level 5.5 Short Blades
 * Level 1.6 Staves
 - Level 2.2 Dodging
 - Level 3.2 Stealth
   Level 3.8 Shields
 - Level 2.1 Spellcasting
 + Level 8.4 Summonings
 - Level 5.0 Ice Magic


You had 3 spell levels left.
You knew the following spells:

 Your Spells              Type           Power        Failure   Level  Hunger
d - Call Canine Familiar  Summ           #####...     1%          3    ###....
i - Summon Ice Beast      Ice/Summ       ####....     12%         4    #####..
s - Call Imp              Summ           #####...     1%          2    ##.....


Dungeon Overview and Level Annotations

Branches:
Dungeon (8/15)             Temple (1/1) D:4
   Lair: D:8-11

Altars:
Ashenzari
Cheibriados
Dithmenos
Elyvilon
Fedhas
Gozag
Kikubaaqudgha
Makhleb
Nemelex Xobeh
Okawaru
Qazlal
Ru
Sif Muna
Trog
Vehumet
Xom
Yredelemnul
Zin
The Shining One

Shops:
D:7 =


Innate Abilities, Weirdness & Mutations

Your natural rate of healing is unusually fast.
You can bottle blood from corpses.
You have razor-sharp teeth.
You have supernaturally acute eyesight.
You can survive without breathing.


Message History

Okay, then.
Read which item? (? for menu, Esc to quit)
Okay, then.
Casting: Call Canine Familiar
Confirm with . or Enter, or press ? or * to list all spells.
The centaur shoots an arrow.
The arrow hits you.
* * * LOW HITPOINT WARNING * * *
The sky beast hits you.
* * * LOW HITPOINT WARNING * * *
The sky beast shocks you.
* * * LOW HITPOINT WARNING * * *
You swap places.
The centaur shoots an arrow.
The arrow hits your hound!
Your hound bites the sky beast.
Drink which item? (? for menu, Esc to quit)
Okay, then.
Read which item? (? for menu, Esc to quit)
Okay, then.
Your hound bites the sky beast.
The centaur shoots an arrow.
The arrow hits you.
You die...

##########
#........#
#........#
#.....c..# #
#........#
#.#(####..h§...+.#
#.......@Y.........
######.#.......#.#
#(#.####### #.#..
#.#### #.# #.#
############.#
#..)[........#


You could see a sky beast, a centaur and a friendly hound.

Vanquished Creatures
  Edmund (D:6)
  Menkaure (D:5)
  2 ogres (D:7)
  A sky beast (D:7)
  A phantom (D:5)
  A centaur (D:5)
  3 giant frogs
  Blork the orc (D:5)
  2 scorpions
  An electric eel (D:7)
  2 wights (D:6)
  A goliath beetle (D:5)
  A hound (D:6)
  2 crimson imps
  3 orc priests
  A jelly (D:6)
  An iron imp (D:6)
  4 orc wizards
  2 worker ants (D:7)
  Ijyb (D:2)
  A hound zombie (D:6)
  Robin (D:2)
  9 adders
  6 gnolls
  A river rat (D:6)
  A shadow imp (D:8)
  A giant mite (D:6)
  A worm (D:5)
  2 adder zombies
  4 giant geckos
  An ooze (D:6)
  23 orcs
  2 ball pythons
  15 bats
  2 bat skeletons
  A bat zombie (D:5)
  5 giant cockroaches
  14 goblins
  9 hobgoblins
  12 kobolds
  7 quokkas
  A giant gecko skeleton (D:7)
  2 giant newts
  A hobgoblin zombie (D:4)
  6 rats
160 creatures vanquished.

Vanquished Creatures (collateral kills)
  Grinder (D:6)
  Prince Ribbit (D:6)
  Eustachio (D:6)
  A phantom (D:4)
  An ogre (D:6)
  An ice beast (D:5)
  A giant frog (D:6)
  A wight (D:6)
  A giant frog skeleton (D:6)
  A worker ant (D:6)
  A gnoll (D:6)
  A river rat (D:6)
  A shadow imp (D:4)
  An ufetubus (D:6)
  6 orcs
  A ball python (D:4)
  A hobgoblin (D:1)
  3 kobolds
  2 quokkas (D:6)
27 creatures vanquished.

Vanquished Creatures (others)
  2 wolves (D:5)
  2 ice beasts (D:6)
  5 hounds
  An orc wizard (D:4)
  A white imp (D:4)
11 creatures vanquished.

Grand Total: 198 creatures vanquished

Notes
Turn   | Place    | Note
--------------------------------------------------------------
     0 | D:1      | PolkaDot, the Vampire Summoner, began the quest for the Orb.
     0 | D:1      | Reached XP level 1. HP: 13/13 MP: 3/3
   359 | D:1      | Reached XP level 2. HP: 18/20 MP: 4/4
   665 | D:2      | Noticed Ijyb
   723 | D:2      | Killed Ijyb
   723 | D:2      | Reached skill level 1 in Fighting
   723 | D:2      | Reached XP level 3. HP: 18/26 MP: 0/6
  1009 | D:2      | Reached XP level 4. HP: 22/33 MP: 7/7
  1061 | D:2      | Noticed Robin
  1079 | D:2      | Killed Robin
  1236 | D:2      | Found a stormy altar of Qazlal.
  1252 | D:2      | Noticed an earth elemental
  1253 | D:2      | Noticed an air elemental
  1253 | D:2      | Noticed a fire elemental
  1253 | D:2      | Noticed a water elemental
  1531 | D:2      | Learned a level 2 spell: Call Imp
  1535 | D:2      | Learned a level 3 spell: Call Canine Familiar
  1599 | D:3      | Reached skill level 5 in Summonings
  1727 | D:3      | Reached XP level 5. HP: 41/41 MP: 9/9
  1984 | D:4      | Gained mutation: Your muscles are strong. (Str +2) [potion of beneficial mutation]
  2047 | D:4      | Lost mutation: Your muscles are strong. (Str +2) [potion of cure mutation]
  2398 | D:4      | Noticed a phantom
  2428 | D:4      | Found a staircase to the Ecumenical Temple.
  2442 | D:4      | Killed a phantom
  2442 | D:4      | Reached skill level 1 in Shields
  2442 | D:4      | Reached XP level 6. HP: 13/48 MP: 0/10
  2482 | Temple   | Entered the Ecumenical Temple
  2692 | Temple   | Became a worshipper of Sif Muna the Loreminder
  2822 | D:4      | Found a sparkling altar of Nemelex Xobeh.
  2826 | D:4      | Found an opulent altar of Gozag.
  3080 | D:4      | Learned a level 4 spell: Summon Ice Beast
  3114 | D:5      | Entered Level 5 of the Dungeon
  3374 | D:5      | Noticed Menkaure
  3398 | D:5      | Killed Menkaure
  3398 | D:5      | Reached skill level 1 in Short Blades
  3409 | D:5      | Noticed Blork the orc
  3428 | D:5      | Killed Blork the orc
  3428 | D:5      | Reached XP level 7. HP: 22/53 MP: 1/12
  3753 | D:5      | Found a blossoming altar of Fedhas.
  3754 | D:5      | Found a shattered altar of Ashenzari.
  4004 | D:6      | Noticed Grinder
  4007 | D:6      | Noticed Prince Ribbit
  4086 | D:6      | Killed Prince Ribbit
  4086 | D:6      | Acquired Sif Muna's first power
  4086 | D:6      | Reached skill level 5 in Ice Magic
  4097 | D:6      | Killed Grinder
  4097 | D:6      | Reached skill level 6 in Summonings
  4097 | D:6      | Reached XP level 8. HP: 31/60 MP: 6/13
  4141 | D:6      | Found a burning altar of Makhleb.
  4383 | D:6      | Noticed Edmund
  4408 | D:6      | Killed Edmund
  4436 | D:6      | Reached skill level 7 in Summonings
  4504 | D:6      | Noticed Eustachio
  4561 | D:6      | Killed Eustachio
  4770 | D:6      | Acquired Sif Muna's second power
  4914 | D:7      | Reached skill level 5 in Short Blades
  4971 | D:7      | Reached skill level 8 in Summonings
  4971 | D:7      | Reached XP level 9. HP: 57/65 MP: 15/15
  4987 | D:7      | Found Ittas' Jewellery Emporium.
  5113 | D:7      | Found a radiant altar of Vehumet.
  5965 | D:7      | Reached skill level 1 in Staves
  6157 | D:8      | Shot with an arrow by a centaur

Action                   |  1- 3 |  4- 6 |  7- 9 || total
-------------------------+-------+-------+-------++-------
Melee: Unarmed           |    43 |       |       ||    43
       Spear             |    20 |       |       ||    20
       Dagger            |    32 |   192 |   234 ||   458
       Rapier            |       |    11 |    96 ||   107
       Lajatang          |       |       |    43 ||    43
 Cast: Summon Small Mamm |    16 |       |       ||    16
       Call Imp          |       |     3 |     2 ||     5
       Call Canine Famil |       |     5 |    13 ||    18
       Summon Ice Beast  |       |     1 |    12 ||    13
Invok: Channel Energy    |       |       |    10 ||    10
Evoke: Wand              |       |    11 |     4 ||    15
  Use: Potion            |     1 |    20 |    25 ||    46
       Scroll            |     1 |    13 |     4 ||    18
 Stab: Sleeping          |     1 |    10 |     8 ||    19
       Distracted        |     1 |       |       ||     1
  Eat: Corpse            |     6 |    10 |       ||    16
